 Dungeon Crawl Stone Soup version 0.29.0-4-gdea44cf6ec (webtiles) character file.

Game seed: 5632493656033881412

109 qw the Chopper (level 4, -2/26 HPs)
             Began as a Tengu Warper on Aug 28, 2022.
             Slain by a centaur (6 damage)
             ... on level 3 of the Dungeon.
             The game lasted 00:00:14 (2206 turns).

qw the Chopper (Tengu Warper)                       Turns: 2206, Time: 00:00:15

Health: -2/26      AC:  5    Str: 13    XL:     4   Next: 89%
Magic:  8/8        EV: 11    Int: 14    God:
Gold:   120        SH:  0    Dex: 13    Spells: 7/7 levels left

rFire   . . .      SeeInvis .   Y - +0 war axe
rCold   . . .      Faith    .   (no shield)
rNeg    . . .      Spirit   .   j - +0 ring mail
rPois   .          Reflect  .   (helmet restricted)
rElec   .          Harm     .   (no cloak)
rCorr   .          Rampage  .   (no gloves)
Will    .....                   (boots unavailable)
Stlth   +.........              (no amulet)
HPRegen 0.08/turn               (no ring)
MPRegen 0.11/turn               (no ring)

@: about to teleport
A: beak, talons 3
a: no special abilities


You were on level 3 of the Dungeon.
You visited 1 branch of the dungeon, and saw 3 of its levels.

You collected 150 gold pieces.
You spent 30 gold pieces at shops.


Innate Abilities, Weirdness & Mutations

You have a beak for a mouth.
You have claws for feet.


   Skills:
 - Level 2.0 Fighting
 + Level 5.4 Axes
 - Level 1.0 Throwing
 - Level 1.1 Armour
 - Level 2.1 Dodging
 - Level 2.0 Spellcasting
 - Level 2.4 Translocations


You had 7 spell levels left.
You didn't know any spells.
Your spell library contained the following spells:

 Spells                   Type           Power      Damage    Failure   Level
 Blink                    Tloc           16%        N/A       28%         2
 Gell's Gravitas          Tloc           8%         N/A       50%         3
 Lesser Beckoning         Tloc           8%         N/A       50%         3
 Teleport Other           Tloc           8%         N/A       50%         3
 Manifold Assault         Tloc           8%         N/A       99%         5

Inventory:

Hand Weapons
 f - a +0 whip of draining
 Y - a +0 war axe (weapon)
Missiles
 k - 2 boomerangs (quivered)
Armour
 j - a +0 ring mail (worn)
Scrolls
 a - a scroll of identify
 b - a scroll of teleportation
Potions
 e - 2 potions of curing
 g - a potion of might {unknown}
 h - a potion of attraction {unknown}
 i - a potion of heal wounds {unknown}

Dungeon Overview and Level Annotations

Branches:
Dungeon (3/15)

Altars:
Ru
Xom

Shops:
D:2 *


Message History

You closely miss the orc.
The orc is almost dead.
The orc hits you with a +0 hand axe.
You hit the orc.
You kill the orc!
You start resting.
HP restored.
Found a dagger.
Found a sacrificial altar of Ru.
A centaur comes into view.
The centaur wields a +0 shortbow.
The centaur shoots an arrow.
The arrow hits you.
2198 ||| Stepping ~*~*~tactically~*~*~ (hiding).
You start resting.
A centaur is nearby!
The centaur shoots an arrow.
The arrow hits you!
The centaur unwields a +0 shortbow.
The centaur misses you.
The centaur kicks you but does no damage.
The centaur hits you. The centaur misses you.
You barely miss the centaur. You claw the centaur, but do no damage.
The centaur closely misses you.
The centaur kicks you but does no damage.
You hit the centaur. Your kick misses the centaur.
The centaur is lightly wounded.
The centaur hits you but does no damage.
The centaur kicks you but does no damage.
The centaur barely misses you.
The centaur kicks you but does no damage.
You slash the centaur! You claw the centaur.
The centaur is heavily wounded.
The centaur closely misses you. The centaur kicks you.
The centaur hits you but does no damage.
The centaur kicks you.
2206 ||| READING 2 scrolls of teleportation.
As you read the scroll of teleportation, it crumbles to dust.
You feel strangely unstable. The centaur closely misses you.
The centaur kicks you but does no damage.
The centaur hits you.
You die...

#. #.# #.#
#.####>######.#.#
##.............#.#
........)#.....#.#
.........#.###.#.#
.........#.# #.#.#
####....########.######
#.##.# #......c....#
#.#### #.####@#### #.#
#.#.......#
#.######.#.##.##.#
#.##...#.#.#...#.#
#............_....
#........##.#.#...#.#
#........##.#.##.##.#
#........##.#...... #
#.........#.####.###


You could see a centaur.

Vanquished Creatures
  4 adders (D:2)
  A worm (D:2)
  2 dart slugs
  An orc (D:3)
  4 ball pythons (D:1)
  3 bats
  5 endoplasms
  3 giant cockroaches (D:1)
  4 goblins
  6 hobgoblins
  4 jackals (D:1)
  6 kobolds
  2 quokkas
  7 frilled lizards
  9 rats
61 creatures vanquished.

Notes
Turn   | Place    | Note
-------+----------+-------------------------------------------
     0 | D:1      | qw the Tengu Warper began the quest for the Orb.
     0 | D:1      | Reached XP level 1. HP: 12/12 MP: 4/4
     0 | D:1      | 0 ||| qw: Version: 0.1-a-89-g26bdef1
     0 | D:1      | 0 ||| qw: Game counter: 1896
     0 | D:1      | 0 ||| qw: Always use a shield: true
     0 | D:1      | 0 ||| qw: God list: Okawaru
     0 | D:1      | 0 ||| qw: Allow faded altars: false
     0 | D:1      | 0 ||| qw: Do Orc after D:15 true
     0 | D:1      | 0 ||| qw: Do second Lair branch before Depths: true
     0 | D:1      | 0 ||| qw: Lair rune preference: random
     0 | D:1      | 0 ||| qw: Plans: Normal
     0 | D:1      | 0 ||| PLANNING D:1-11
    25 | D:1      | 25 ||| Stepping ~*~*~tactically~*~*~ (stealth).
   138 | D:1      | Reached XP level 2. HP: 9/17 MP: 6/6
   140 | D:1      | 140 ||| Stepping ~*~*~tactically~*~*~ (stealth).
   141 | D:1      | 141 ||| Stepping ~*~*~tactically~*~*~ (stealth).
   149 | D:1      | Reached skill level 3 in Axes
   368 | D:1      | 368 ||| Stepping ~*~*~tactically~*~*~ (stealth).
   370 | D:1      | 370 ||| Stepping ~*~*~tactically~*~*~ (stealth).
   378 | D:1      | 378 ||| Stepping ~*~*~tactically~*~*~ (stealth).
   379 | D:1      | 379 ||| Stepping ~*~*~tactically~*~*~ (stealth).
   380 | D:1      | 380 ||| Stepping ~*~*~tactically~*~*~ (stealth).
   642 | D:1      | Reached XP level 3. HP: 20/21 MP: 7/7
   656 | D:1      | 656 ||| Stepping ~*~*~tactically~*~*~ (stealth).
   658 | D:1      | 658 ||| Stepping ~*~*~tactically~*~*~ (stealth).
   660 | D:1      | 660 ||| Stepping ~*~*~tactically~*~*~ (stealth).
   662 | D:1      | 662 ||| Stepping ~*~*~tactically~*~*~ (stealth).
   713 | D:1      | 713 ||| Stepping ~*~*~tactically~*~*~ (stealth).
   726 | D:1      | Reached skill level 4 in Axes
   899 | D:1      | 899 ||| Stepping ~*~*~tactically~*~*~ (stealth).
   924 | D:1      | 924 ||| Stepping ~*~*~tactically~*~*~ (stealth).
  1179 | D:1      | 1179 ||| Stepping ~*~*~tactically~*~*~ (stealth).
  1313 | D:1      | 1313 ||| UPGRADING to +0 ring mail.
  1323 | D:1      | 1323 ||| DROPPING +0 leather armour.
  1324 | D:1      | 1324 ||| READING scroll labelled TURIRH MAHOZA.
  1325 | D:1      | 1325 ||| DRINKING 2 clear potions.
  1326 | D:1      | 1326 ||| DROPPING scroll of blinking.
  1353 | D:2      | Found Hettanuro's General Store.
  1373 | D:2      | 1373 ||| BUYING +0 whip (30 gold).
  1373 | D:2      | Bought a +0 whip for 30 gold pieces
  1373 | D:2      | 1373 ||| DROPPING +0 club.
  1406 | D:2      | 1406 ||| FLEEEEING.
  1485 | D:2      | Reached XP level 4. HP: 25/26 MP: 8/8
  1551 | D:2      | 1551 ||| DROPPING +0 whip.
  1581 | D:2      | 1581 ||| Stepping ~*~*~tactically~*~*~ (stealth).
  1590 | D:2      | 1590 ||| SWAPPING to +0 war axe.
  1596 | D:2      | 1596 ||| DROPPING +0 hand axe.
  1597 | D:2      | Identified the +0 pair of boots of Birdsong {rF- Int+3
                  | SInv}
  1645 | D:2      | Found a shimmering altar of Xom.
  1744 | D:2      | Reached skill level 5 in Axes
  1790 | D:2      | Found a faded altar of an unknown god.
  1866 | D:2      | 1866 ||| Stepping ~*~*~tactically~*~*~ (stealth).
  2003 | D:2      | 2003 ||| READING 2 scrolls labelled LEOXKU QAGUWN.
  2008 | D:2      | 2008 ||| READING scroll labelled WATYFO KONK.
  2189 | D:3      | Found a sacrificial altar of Ru.
  2197 | D:3      | Noticed a centaur
  2198 | D:3      | 2198 ||| Stepping ~*~*~tactically~*~*~ (hiding).
  2205 | D:3      | HP: 5/26 [centaur (3)]
  2206 | D:3      | 2206 ||| READING 2 scrolls of teleportation.
  2206 | D:3      | Slain by a centaur

Levels and vault maps discovered:
D:1:      dpeg_arrival_windows_large_door, layout_loops_cross,
          minmay_tetromino_t2
D:2:      layout_rooms, basic_altar, chequers_ecumenical_altar_simple,
          serial_shops, shop_coins, minmay_bisected
D:3:      layout_basic, nicolae_ru_sacrificial_ziggurat, lemuel_crystal_altar,
          uniq_terence

Skill      XL: |  1  2  3  4 |
---------------+-------------+-----
Axes           | 3 4 5 |  5.4
Fighting       | |  2.0
Throwing       | |  1.0
Armour         | |  1.1
Dodging        | |  2.1
Spellcasting   | |  2.0
Translocations | |  2.4

Action                   |  1- 3 |  4- 6 || total
-------------------------+-------+-------++-------
Melee: Hand axe          |   100 |    15 ||   115
       Peck              |     6 |     4 ||    10
       Kick              |    17 |    11 ||    28
       Punch             |     1 |       ||     1
       War axe           |       |    32 ||    32
Throw: Boomerang         |     7 |    22 ||    29
  Use: Scroll            |     1 |     3 ||     4
       Potion            |     1 |       ||     1
Armor: Leather armour    |    18 |       ||    18
       Ring mail         |     5 |    25 ||    30
Dodge: Dodged            |    44 |    27 ||    71

Table legend:
 A = Non-vault XP
 B = Vault XP
 C = Vault XP percentage of total XP
 D = Non-vault monster count
 E = Vault monster count
 F = Vault count percentage of total count
                 A         B        C        D         E       F
            +---------+---------+-------+---------+---------+-------
      Total |     151 |       5 |   3.2 |      58 |       3 |   4.9
            +---------+---------+-------+---------+---------+-------
        D:1 |      63 |       2 |   3.1 |      36 |       1 |   2.7
        D:2 |      83 |       3 |   3.5 |      20 |       2 |   9.1
        D:3 |       5 |       0 |   0.0 |       2 |       0 |   0.0
            +---------+---------+-------+---------+---------+-------
